 Dungeon Crawl Stone Soup version 0.17-a0-1923-gc35365e (webtiles) character file.

171 graki42 the Ducker (level 5, -12/55 HPs)
             Began as an Octopode Berserker on Sept 28, 2015.
             Was a Believer of Trog.
             Mangled by MordorOrchid's ghost (14 damage)
             ... on level 3 of the Dungeon.
             The game lasted 00:05:14 (1783 turns).

graki42 the Ducker (Octopode Berserker)             Turns: 1783, Time: 00:05:14

Health: -12/55     AC:  1    Str: 22    XL:     5   Next: 51%
Magic:  5/5        EV: 13    Int:  9    God:    Trog [**....]
Gold:   98         SH:  0    Dex: 12    Spells: 0 memorised, 4 levels left

rFire  . . .     SeeInvis .     a - +0 hand axe
rCold  . . .     Clarity  .     (no shield)
rNeg   . . .     SustAt   .     (helmet restricted)
rPois  .         Gourm    .     (no amulet)
rElec  .         Spirit   .     (no ring)
rCorr  .         Warding  .     (no ring)
rMut   .         Stasis   .     (no ring)
MR     .....                    (no ring)
Stlth  ..........               (no ring)
                                (no ring)
                                (no ring)
                                (no ring)

@: berserking (expiring), very quick, not resistant to hostile enchantments,
extremely unstealthy
A: almost no armour, amphibious, 8 rings, constrict 8, camouflage 1, gelatinous
body 1
a: Burn Spellbooks, Berserk, Trog's Hand, Renounce Religion


You were on level 3 of the Dungeon.
You worshipped Trog.
Trog was pleased with you.
You were not hungry.

You visited 1 branch of the dungeon, and saw 3 of its levels.

You collected 98 gold pieces.

Inventory:

Hand weapons
 a - a +0 hand axe (weapon)
Magical devices
 p - a wand of fireball (7)
Scrolls
 c - a scroll of remove curse {unknown}
 f - a scroll of blinking {unknown}
 i - 3 scrolls of enchant weapon {unknown}
 j - 4 scrolls of identify {unknown}
 m - 2 scrolls of amnesia {unknown}
 n - a scroll of teleportation {unknown}
 q - a scroll of recharging {unknown}
Potions
 d - 6 potions of ambrosia {unknown}
 e - a potion of haste {unknown}
 g - 2 potions of heal wounds {unknown}
 h - 2 potions of agility {unknown}
 k - 2 potions of lignification {unknown}
 l - a potion of cure mutation {unknown}
 o - a potion of flight {unknown}
Comestibles
 b - 2 bread rations


   Skills:
 + Level 4.0 Fighting
 + Level 3.9 Axes
 + Level 4.4 Dodging
 + Level 1.5 Stealth


You had 4 spell levels left.
You didn't know any spells.

Dungeon Overview and Level Annotations

Branches:
Dungeon (3/15)

Altars:
Dithmenos
Fedhas
Vehumet

Annotations:
D:3 MordorOrchid's ghost, average DDHu


Innate Abilities, Weirdness & Mutations

You cannot wear most types of armour.
You are amphibious.
You can wear up to eight rings at the same time.
You can use your tentacles to constrict eight enemies at once.
Your skin changes colour to match your surroundings (Stealth).
Your rubbery body absorbs attacks (AC +1).


Message History

You constrict the gnoll. MordorOrchid's ghost hits you!
* * * LOW HITPOINT WARNING * * *
The gnoll misses you.
You slash MordorOrchid's ghost!
Your squeeze misses MordorOrchid's ghost.
MordorOrchid's ghost is heavily damaged.
You hit the gnoll but do no damage.
The gnoll is lightly wounded.
You constrict the gnoll.
MordorOrchid's ghost closely misses you.
You hit the gnoll. You squeeze the gnoll.
You kill the gnoll!
Trog accepts your kill.
You barely miss MordorOrchid's ghost.
MordorOrchid's ghost is heavily damaged.
You are too berserk!
You slash MordorOrchid's ghost! You squeeze MordorOrchid's ghost!
MordorOrchid's ghost is almost destroyed.
MordorOrchid's ghost hits you!
You die...

.. #.# ##### #.
#.##....## #.#
#.#......## #..##
#.........# #..#
###.........#
####.######...........#
......................#
....#..###..###.)....#
###.#......## ##@...#
##...>#....####.W####
.....#......#...##
.###รท#.###....### ##
#...# #...## # #..##
#.)..## #..## ##....#
##...###..#......
#........##......


You could see MordorOrchid's ghost.

Vanquished Creatures
  Terence (D:2)
  8 gnolls
  4 adders
  2 giant cockroaches (D:2)
  4 hobgoblins
  3 kobolds
  A quokka (D:3)
  A ball python (D:1)
  6 bats
  A giant newt (D:3)
  4 goblins
  2 jackals (D:1)
  4 rats
41 creatures vanquished.

Notes
Turn   | Place    | Note
--------------------------------------------------------------
     0 | D:1      | graki42 the Octopode Berserker began the quest for the Orb.
     0 | D:1      | Reached XP level 1. HP: 16/16 MP: 1/1
   338 | D:1      | Reached XP level 2. HP: 18/21 MP: 2/2
   986 | D:2      | Noticed Terence
   991 | D:2      | Reached XP level 3. HP: 18/26 MP: 3/3
   995 | D:2      | Killed Terence
  1075 | D:2      | Reached XP level 4. HP: 25/32 MP: 4/4
  1120 | D:2      | Found a radiant altar of Vehumet.
  1284 | D:2      | Reached skill level 4 in Dodging
  1288 | D:2      | Reached XP level 5. HP: 25/37 MP: 5/5
  1335 | D:2      | Found a shadowy altar of Dithmenos.
  1335 | D:2      | Found a blossoming altar of Fedhas.
  1355 | D:2      | Reached skill level 1 in Stealth
  1575 | D:3      | Acquired Trog's second power
  1597 | D:3      | Noticed MordorOrchid's ghost (average DDHu)
  1780 | D:3      | HP: 2/55 [MordorOrchid's ghost (16)]
  1783 | D:3      | Mangled by MordorOrchid's ghost

Vault maps used:
D:1:      minmay_arrival_shoal_huts, minmay_misc_feat_columns
D:2:      nicolae_overflow_hidden_temple, vehumet_crystals, uniq_terence
D:3:      corexii_item_surrounded_by_moat

Action                   |  1- 3 |  4- 6 || total
-------------------------+-------+-------++-------
Melee: Hand axe          |    55 |    42 ||    97
Invok: Berserk           |     1 |     2 ||     3
 Stab: Sleeping          |     2 |     4 ||     6
  Eat: Chunk             |     1 |     4 ||     5
